 Dungeon Crawl Stone Soup version 0.17-a0-1435-geafbe2f (webtiles) character file.

305 Skillabstinenz the Skirmisher (level 6, 0/56 HPs)
             Began as a Minotaur Berserker on June 23, 2015.
             Was a Believer of Trog.
             Slain by Pikel
             ... wielding a +1 whip of electrocution
              (3 damage)
             ... on level 3 of the Dungeon on June 26, 2015.
             The game lasted 00:20:10 (2317 turns).

Skillabstinenz the Skirmisher (Minotaur Berserker)  Turns: 2317, Time: 00:20:10

Health: 0/56       AC:  6    Str: 23    XL:     6   Next: 15%
Magic:  5/5        EV: 12    Int:  4    God:    Trog [**....]
Gold:   130        SH:  0    Dex: 10    Spells: 0 memorised, 5 levels left

rFire  . . .     SeeInvis +     j - +2 mace (drain)
rCold  . . .     Clarity  .     e - +0 ring mail
rNeg   . . .     SustAt   .     (no shield)
rPois  .         Gourm    +     (helmet restricted)
rElec  .         Spirit   .     (no cloak)
rCorr  .         Warding  .     (no gloves)
rMut   .         Stasis   .     (no boots)
MR     .....                    q - amulet of the gourmand
Stlth  ..........               m - ring of see invisible
                                k - ring of invisibility

@: not resistant to hostile enchantments, extremely unstealthy
A: retaliatory headbutt, horns 2
a: Burn Spellbooks, Berserk, Trog's Hand, Renounce Religion, Evoke Invisibility


You were on level 3 of the Dungeon.
You worshipped Trog.
Trog was pleased with you.
You were not hungry.

You visited 1 branch of the dungeon, and saw 4 of its levels.

You collected 130 gold pieces.

Inventory:

Hand weapons
 a - a +0 hand axe
 j - a +2 mace of draining (weapon)
Armour
 e - a +0 ring mail (worn)
Jewellery
 k - a ring of invisibility (left hand)
 m - a ring of see invisible (right hand)
 q - an amulet of the gourmand (around neck)
Scrolls
 b - a scroll of magic mapping {unknown}
 g - a scroll of remove curse
 l - a scroll of teleportation {unknown}
 n - a scroll of identify {unknown}
 o - a scroll of fear
 p - a scroll of blinking {unknown}
 r - a scroll of fog {unknown}
 s - a scroll of amnesia {unknown}
 t - a scroll of enchant armour {unknown}
 u - a scroll of noise {unknown}
Potions
 d - 2 potions of curing
 i - a potion of flight {unknown}
Comestibles
 c - 3 bread rations
 f - a royal jelly
 h - 3 beef jerkies
 v - 5 chunks of flesh


   Skills:
 + Level 5.0 Fighting
 + Level 4.8 Axes
 + Level 4.7 Armour
 + Level 4.2 Dodging


You had 5 spell levels left.
You didn't know any spells.

Dungeon Overview and Level Annotations

Branches:
Dungeon (4/15)
 Temple: D:4-7

Altars:
Nemelex Xobeh

Annotations:
D:3 Pikel


Innate Abilities, Weirdness & Mutations

You reflexively headbutt those who attack you in melee.
You have a pair of horns on your head.


Message History

Pikel is moderately wounded.
Pikel closely misses you.
You sock Pikel! You headbutt Pikel, but do no damage.
Pikel is heavily wounded.
Pikel closely misses you. You furiously retaliate!
You headbutt Pikel. You hit Pikel.
Pikel is heavily wounded.
Pikel drinks a potion.
Pikel is healed!
You hit Pikel. You drain Pikel!
Pikel is heavily wounded.
Pikel misses you. You furiously retaliate!
You headbutt Pikel! Pikel hits you but does no damage.
You hit Pikel.
Pikel is almost dead.
Pikel says, "Who am I kidding?
They'll work you to death!" Pikel barely misses you. You furiously retaliate!
You headbutt Pikel. You closely miss Pikel.
Pikel is almost dead.
Pikel hits you with a whip of electrocution.
You die...

...#..........#####..(....#
...#..........# ###.#####
..#...........# #..(...#
..............# #......#
......##.###### #......#
.......#.# ##.#..###
..)......# ###.....#
.........# #.K....##
.........# #@......#
.))......# ###.......#
.........#####.........#
.........#............##
...........###.###....#
.........##....###..#.#
.........#..####...##.#
<........#.## #.####.#
...........#####.# ##.#


You could see Pikel.

Vanquished Creatures
  An ogre (D:4)
  An orc wizard (D:3)
  2 iguanas
  2 worker ants (D:4)
  3 adders
  A worm (D:3)
  5 giant geckos
  4 orcs (D:3)
  A giant cockroach (D:2)
  5 hobgoblins
  2 quokkas
  8 bats
  6 giant newts
  9 goblins
  2 jackals (D:3)
  6 kobolds
  5 rats
63 creatures vanquished.

Notes
Turn   | Place    | Note
--------------------------------------------------------------
     0 | D:1      | Skillabstinenz the Minotaur Berserker began the quest for the Orb.
     0 | D:1      | Reached XP level 1. HP: 19/19 MP: 0/0
   175 | D:1      | Upgraded the game from 0.17-a0-1411-g06ff558 to 0.17-a0-1420-geb41feb
   178 | D:1      | Reached XP level 2. HP: 22/27 MP: 1/1
   387 | D:1      | Reached skill level 4 in Fighting
   513 | D:1      | Upgraded the game from 0.17-a0-1420-geb41feb to 0.17-a0-1430-g49fde19
  1008 | D:2      | Acquired Trog's second power
  1193 | D:3      | Reached XP level 3. HP: 18/33 MP: 2/2
  1427 | D:3      | HP: 1/34 [iguana (9)]
  1429 | D:3      | Reached XP level 4. HP: 1/41 MP: 3/3
  1667 | D:3      | Upgraded the game from 0.17-a0-1430-g49fde19 to 0.17-a0-1435-geafbe2f
  1933 | D:4      | Reached XP level 5. HP: 29/47 MP: 4/4
  2177 | D:4      | Found a sparkling altar of Nemelex Xobeh.
  2225 | D:4      | Noticed an ogre
  2232 | D:4      | Killed an ogre
  2232 | D:4      | Reached skill level 5 in Fighting
  2232 | D:4      | Reached XP level 6. HP: 29/56 MP: 5/5
  2278 | D:4      | Noticed a slave
  2278 | D:4      | Noticed a slave
  2278 | D:4      | Noticed a slave
  2279 | D:4      | Noticed Pikel
  2284 | D:4      | Noticed a slave
  2311 | D:3      | HP: 2/56 [Pikel/whip of electrocution (6)]
  2317 | D:3      | Slain by Pikel

Vault maps used:
D:1:      elethiomel_arrival_quiet, serial_curves, eino_curves_04,
          eino_curves_03, minmay_misc_feat_ornament, minmay_misc_feat_cross,
          st_stairs_9
D:2:      first_bread
D:3:      amethyst_killhole
D:4:      overflow_temple_1_default, nemelex_xobeh_ov_fountains_minmay,
          serial_shops, kennysheep_mini, uniq_pikel

Action                   |  1- 3 |  4- 6 || total
-------------------------+-------+-------++-------
Melee: Hand axe          |   105 |    13 ||   118
       Mace              |       |    56 ||    56
Invok: Trog's Hand       |     1 |       ||     1
  Use: Scroll            |       |     2 ||     2
  Eat: Chunk             |     2 |     3 ||     5
